 Dungeon Crawl Stone Soup version 0.28-a0-724-g66f9036eb4 (webtiles) character file.

Game seed: 17534454297961714495

996 GordonOverkill the Slasher (level 8, -2/58 HPs)
             Began as a Djinni Berserker on Oct 27, 2021.
             Was a Believer of Trog.
             Killed by divine providence
             ... invoked by an orc priest
              (16 damage)
             ... on level 6 of the Dungeon.
             The game lasted 00:06:52 (2952 turns).

GordonOverkill the Slasher (Djinni Berserker)       Turns: 2952, Time: 00:06:53

Health: -2/58      AC:  7    Str: 18    XL:     8   Next: 42%
Gold:   83         EV: 10    Int:  9    God:    Trog [**....] SH:  4 Dex: 13

rFire   + + .      SeeInvis .   l - +2 spear (venom)
rCold   x . .      Faith    .   o - +0 buckler
rNeg    . . .      Spirit   .   e - +0 scale mail
rPois   ∞          Reflect  .   (no helmet)
rElec   .          Harm     .   (no cloak)
rCorr   .          Rampage  .   (no gloves)
Will    ++...                   (boots unavailable)
Stlth   ..........              (no amulet)
HPRegen 1.19/turn               (no ring)
MPRegen 0.00/turn               (no ring)

@: about to teleport, strong-willed, on berserk cooldown, flying, regenerating,
slowed, very slow
A: sickness immunity, fire resistance 2, cold vulnerability 1, float, innate
caster, hp casting, extra vitality 1
a: Renounce Religion, Berserk, Trog's Hand


You were on level 6 of the Dungeon.
You worshipped Trog.
Trog was pleased with you.
You visited 1 branch of the dungeon, and saw 4 of its levels.

You collected 83 gold pieces.

Inventory:

Hand Weapons
 a - a +0 falchion
 f - a +4 dagger of pain
 l - a +2 spear of venom (weapon)
 p - a +0 whip of freezing
Missiles
 i - 13 poisoned darts (quivered)
 k - 6 boomerangs
Armour
 e - a +0 scale mail (worn)
 o - a +0 buckler (worn)
Jewellery
 g - a +4 ring of evasion
Scrolls
 b - a scroll of blinking {unknown}
 m - a scroll of fear {unknown}
Potions
 c - a potion of cancellation
 h - a potion of might {unknown}
 j - a potion of attraction {unknown}


   Skills:
 + Level 4.9 Fighting
 * Level 5.7 Long Blades
 + Level 2.7 Throwing
 + Level 4.1 Armour
 - Level 2.1 Dodging
 + Level 2.9 Shields


You had one spell level left.
You knew the following spells:

 Your Spells              Type           Power      Damage    Failure   Level
a - Summon Small Mammal   Summ           0%         N/A       82%         1
b - Static Discharge      Conj/Air       0%         N/A       91%         2
c - Mephitic Cloud        Conj/Pois/Air  0%         N/A       99%         3
Your spell library was empty.

Dungeon Overview and Level Annotations

Branches:
Dungeon (3/15)

Altars:

Shops:
D:6 ?


Innate Abilities, Weirdness & Mutations

You are immune to sickness and miasma.
You are immune to poison.
Your flesh is very heat resistant. (rF++)
You are vulnerable to cold. (rC-)
You float through the air rather than walking.
You learn spells naturally, not from books.
Your magical power is your life essence.
You have superior vitality. (+4 HP)


Message History

A yak comes into view.
You feel much better. The black bear bites you. The black bear claws you.
The black bear closely misses you.
A yak comes into view.
The black bear closely misses you. You block the black bear's attack.
The black bear closely misses you.
You barely miss the black bear.
The black bear is almost dead.
The black bear closely misses you. The black bear claws you.
The black bear closely misses you.
The orc priest zaps a wand.
Some rock shatters into small pieces.
The black bear bites you but does no damage.
The black bear closely misses you.
The black bear claws you but does no damage.
You puncture the black bear!
You kill the black bear!
Trog accepts your kill. You block the orc's attack.
The orc priest casts a cantrip, but nothing happens.
The orc hits you with a +0 club.
* * * LOW HITPOINT WARNING * * *
Your skin crawls.
You feel strong-willed.
The orc priest zaps a wand.
Some rock shatters into small pieces.
You block the orc's attack.
A yak comes into view.
The orc priest calls down the wrath of Beogh upon you.
Beogh smites you!
* * * LOW HITPOINT WARNING * * *
Things that are here:
a +0 hand axe; a black bear corpse
As you read the scroll of teleportation, it crumbles to dust.
You feel strangely unstable.
The orc priest calls down the wrath of Beogh upon you.
Beogh smites you!
* * * LOW HITPOINT WARNING * * *
The yak closely misses you.
The orc priest invokes the aid of Beogh against you.
Beogh smites you!
You die...

####### #.....# # #..)÷.#
#. #..)..#
.#.#.o#######.....#########
.....YYo)Y@.....†('........
...#..#######.....#######..
#. #.....## # ###....# .
########....######+# ..
.......[....+.......
#.########....#.......
##..!...###....#.......
........o........#


You could see 3 yaks, an orc priest and an orc.

Vanquished Creatures
  Pikel (D:6)
  Prince Ribbit (D:6)
  A black bear (D:6)
  A centaur zombie (D:6)
  A bullfrog skeleton (D:6)
  A hound (D:6)
  2 iguanas (D:6)
  7 gnolls
  2 adders
  A dart slug (D:2)
  2 orcs (D:6)
  2 ball pythons
  7 endoplasms
  3 giant cockroaches
  2 goblins (D:1)
  5 hobgoblins
  3 kobolds
  2 quokkas
  5 bats
  2 frilled lizards
  4 rats
55 creatures vanquished.

Notes
Turn   | Place    | Note
-------+----------+-------------------------------------------
     0 | D:1      | GordonOverkill the Djinni Berserker began the quest for the
                  | Orb.
     0 | D:1      | Reached XP level 1. HP: 20/20 MP: 0/0
   389 | D:1      | Reached skill level 3 in Long Blades
   389 | D:1      | Reached XP level 2. HP: 25/25 MP: 0/0
  1049 | D:2      | Reached XP level 3. HP: 30/30 MP: 0/0
  1049 | D:2      | Learned a level 1 spell: Summon Small Mammal
  1504 | D:2      | Reached ** piety under Trog
  1937 | D:2      | Reached XP level 4. HP: 34/35 MP: 0/0
  2230 | D:2      | Reached skill level 1 in Throwing
  2230 | D:2      | Reached XP level 5. HP: 41/41 MP: 0/0
  2230 | D:2      | Learned a level 2 spell: Static Discharge
  2392 | D:3      | You are sucked into a shaft and drop 3 floors!
  2399 | D:6      | Reached skill level 4 in Long Blades
  2406 | D:6      | Reached XP level 6. HP: 47/47 MP: 0/0
  2498 | D:6      | Found Mudateip's Magic Scroll Emporium.
  2684 | D:6      | Reached skill level 1 in Shields
  2725 | D:6      | Noticed Pikel
  2739 | D:6      | Killed Pikel
  2740 | D:6      | Reached skill level 5 in Long Blades
  2740 | D:6      | Reached XP level 7. HP: 53/53 MP: 0/0
  2740 | D:6      | Learned a level 3 spell: Mephitic Cloud
  2868 | D:6      | Noticed Prince Ribbit
  2881 | D:6      | Killed Prince Ribbit
  2882 | D:6      | Reached XP level 8. HP: 58/58 MP: 0/0
  2945 | D:6      | Noticed a yak
  2945 | D:6      | Noticed a yak
  2949 | D:6      | Noticed a yak
  2952 | D:6      | Killed from afar by an orc priest

Illustrated notes

Levels and vault maps discovered:
D:1:      minmay_arrival_arboretum_large, layout_basic
D:2:      layout_basic
D:3:      layout_basic, mainiacjoe_overflow_small_starburst
D:6:      layout_basic, serial_shops, shop_fountains, uniq_pikel,
          uniq_prince_ribbit1

Skill      XL: |  1  2  3  4  5  6  7 |
---------------+----------------------+-----
Long Blades    | 3 4 5 |  5.7
Throwing       | 1 2 |  2.7
Armour         | 3 4 |  4.1
Fighting       | 4 |  4.9
Shields        | 2 |  2.9
Dodging        | |  2.1

Action                   |  1- 3 |  4- 6 |  7- 9 || total
-------------------------+-------+-------+-------++-------
Melee: Falchion          |    58 |    59 |    11 ||   128
       Spear             |       |       |     6 ||     6
Throw: Dart              |       |       |     8 ||     8
Invok: Berserk           |    14 |     7 |     2 ||    23
       Trog's Hand       |       |     1 |     2 ||     3
  Use: Scroll            |     1 |     2 |     1 ||     4
       Potion            |       |       |     1 ||     1
Armor: Animal skin       |     5 |       |       ||     5
       Scale mail        |    20 |    15 |    31 ||    66
Dodge: Dodged            |    33 |    25 |    34 ||    92
Block: Buckler           |       |     8 |    16 ||    24

Table legend: (Time is in decaauts)
 A = Elapsed time spent in this place.
 B = Non-inter-level travel time spent in this place.
 C = Inter-level travel time spent in this place.
 D = Time resting spent in this place.
 E = Time spent auto-exploring this place.
 F = Levels seen in this place.
 G = Mean time per level.
                   A        B        C        D        E       F      G
               +--------+--------+--------+--------+--------+-----+--------+
         Total |   3190 |   3105 |     85 |   1418 |    960 |   4 |  797.5 |
       Dungeon |   3190 |   3105 |     85 |   1418 |    960 |   4 |  797.5 |
               +--------+--------+--------+--------+--------+-----+--------+

Top non-repeatable levels by time:
     D:2: 1371 daAuts
     D:1: 1014 daAuts
     D:6: 621 daAuts
     D:3: 183 daAuts
